 Dungeon Crawl Stone Soup version 0.29.1-15-g9cfb28693d (webtiles) character file.

Game seed: 11543097360135359568

882 FaviusArthum the Magician (level 7, -1/55 HPs)
             Began as a Deep Elf Necromancer on Feb 11, 2023.
             Succumbed to a water moccasin's poison
             ... on level 6 of the Dungeon on Mar 19, 2023.
             The game lasted 00:31:53 (8900 turns).

FaviusArthum the Magician (Deep Elf Necromancer)    Turns: 8900, Time: 00:31:54

Health: -1/55      AC: 23    Str:  5    XL:     7   Next: 76%
Magic:  11/20      EV:  2    Int: 22    God:
Gold:   261        SH:  0    Dex: 15    Spells: 12/21 levels left

rFire   . . .      SeeInvis .   A - +0 flail (protect)
rCold   . . .      Faith    .   (no shield)
rNeg    . . .      Spirit   .   (body armour currently unavailable)
rPois   +          Reflect  .   (helmet currently unavailable)
rElec   .          Harm     .   (cloak currently unavailable)
rCorr   .          Rampage  .   (gloves currently unavailable)
Will    .....      NoTele   +   (boots currently unavailable)
Stlth   ++........              (no amulet)
HPRegen 0.18/turn               (no ring)
MPRegen 0.17/turn               (no ring)

@: lethally poisoned (-1 -> -9), tree-form, invisible
A: stationary, stasis, torment immunity, boosted hp
a: no special abilities


You were on level 6 of the Dungeon.
You were a tree.
You visited 1 branch of the dungeon, and saw 6 of its levels.

You collected 261 gold pieces.

Inventory:

Hand Weapons
 b - a +0 short sword
 c - a +0 long sword
 f - a +0 dagger
 x - a +0 battleaxe of freezing
 A - a +0 flail of protection (weapon)
Missiles
 q - 8 poisoned darts
Armour
 a - a +0 robe (melded)
 m - a +0 pair of gloves (melded)
 t - an orb of energy
Wands
 C - a wand of mindburst (5)
Scrolls
 d - 2 scrolls of magic mapping
 e - a scroll of enchant armour
 h - a scroll of enchant weapon
 s - 3 scrolls of immolation
 v - 2 scrolls of fog {unknown}
 w - a scroll of noise {unknown}
 y - a scroll of fear {unknown}
Potions
 i - 2 potions of might
 j - 2 potions of brilliance
 k - 2 potions of flight
 l - a potion of invisibility
 n - a potion of experience {unknown}
 o - 2 potions of curing {unknown}
 p - a potion of mutation {unknown}
 r - 3 potions of berserk rage {unknown}
 z - 3 potions of haste {unknown}
 D - a potion of magic


   Skills:
 + Level 0.4 Fighting
 + Level 1.2 Axes
 + Level 3.0 Dodging
 + Level 3.3 Stealth
 + Level 7.9 Spellcasting
 * Level 3.8 Hexes
 + Level 7.8 Necromancy


You had 12 spell levels left.
You knew the following spells:

 Your Spells              Type           Power      Damage    Failure   Level
a - Necrotise             Necr           100%       1d9       1%          1
b - Slow                  Hex            100%       N/A       1%          1
c - Vampiric Draining     Necr           43%        2d9       1%          3
d - Animate Dead          Necr           43%        N/A       3%          4

Your spell library contained the following spells:

 Spells                   Type           Power      Damage    Failure   Level
 Confusing Touch          Hex            25%        N/A       4%          3
 Agony                    Necr           43%        N/A       9%          5
 Dazzling Flash           Conj/Hex       34%        N/A       11%         3
 Portal Projectile        Hex/Tloc       34%        N/A       11%         3
 Call Canine Familiar     Summ           8%         N/A       22%         3
 Conjure Flame            Conj/Fire      8%         6-21      22%         3
 Ignite Poison            Fire/Tmut/Pois 8%         N/A       22%         3
 Leda's Liquefaction      Hex/Erth       8%         N/A       34%         4
 Hailstorm                Conj/Ice       8%         3d4       58%         4
 Ice Form                 Ice/Tmut       8%         N/A       58%         4
 Sticky Flame             Conj/Fire      8%         2d3       58%         4
 Silence                  Hex/Air        8%         N/A       67%         5
 Simulacrum               Ice/Necr       12%        N/A       93%         6


Dungeon Overview and Level Annotations

Branches:
Dungeon (6/15)
 Temple: D:4-7

Altars:
Dithmenos
Ru
Trog
The Shining One


Message History

You cannot move.
Unknown command.
There is a lethal amount of poison in your body!
There is a lethal amount of poison in your body!
There is a lethal amount of poison in your body!
There is a lethal amount of poison in your body!
There is a lethal amount of poison in your body!
You cannot move.
You cannot move.
You cannot move.
You cannot move.
You cannot move.
Casting: Vampiric Draining (safe; 1% risk of failure)
Confirm with . or Enter, or press ? or * to list all spells.
You can't see any susceptible monsters within range! (Use Z to cast anyway.)
You cannot move.
You cannot move.
You cannot move.
You cannot move.
You cannot move.
You cannot move.
You cannot move.
You cannot move.
You cannot move.
You cannot move.
You cannot move.
There is a lethal amount of poison in your body!
The air fills with toxic fumes!
As you read the scroll of poison, it crumbles to dust.
* * * LOW HITPOINT WARNING * * *
You feel sick.
Unknown command.
You cannot move.
You cannot move.
You cannot move.
There is a lethal amount of poison in your body!
There is a lethal amount of poison in your body!
There is a lethal amount of poison in your body!
You fade into invisibility!
You die...

§§§§§§§§§§#
#§§§§§§§§§##
#§§§§§§§§§§##
#§§§§§§§§§§§
#§§§§§§§§§#
#§§§§§§§#
#§§§§§§#
#§♣§5# #§§§##
#§§§§§#
.§§§§§§##
§§§§#§§§#
§§§§§§§##
§§§#§§§ §§
#§§#


You could see a shadow imp (asleep).

Vanquished Creatures
  An ogre (D:5)
  A kobold brigand (D:3)
  A necrophage (D:5)
  A bullfrog (D:4)
  2 scorpions (D:5)
  2 hounds
  A jelly (D:5)
  An orc priest (D:5)
  A gnoll bouda (D:3)
  Jessica (D:2)
  An iguana (D:5)
  6 gnolls
  8 adders
  A shadow imp (D:5)
  A worm (D:2)
  4 dart slugs
  6 orcs
  8 endoplasms
  9 giant cockroaches
  8 hobgoblins
  7 jackals
  13 kobolds
  7 quokkas
  4 ball pythons
  11 bats
  2 frilled lizards
  7 goblins
  2 rats (D:2)
117 creatures vanquished.

Vanquished Creatures (collateral kills)
  2 gnolls
  2 ball pythons
  An endoplasm (D:2)
  A jackal (D:1)
  A kobold (D:3)
  A bat (D:3)
8 creatures vanquished.

Vanquished Creatures (others)
  22 plants (D:3)
22 creatures vanquished.

Grand Total: 147 creatures vanquished

Notes
Turn   | Place    | Note
-------+----------+-------------------------------------------
     0 | D:1      | FaviusArthum the Deep Elf Necromancer began the quest for
                  | the Orb.
     0 | D:1      | Reached XP level 1. HP: 10/10 MP: 6/6
    78 | D:1      | Reached skill level 5 in Necromancy
    93 | D:1      | Reached XP level 2. HP: 15/15 MP: 1/8
   511 | D:1      | Learned a level 1 spell: Slow
   731 | D:1      | Reached XP level 3. HP: 19/19 MP: 3/10
  1053 | D:1      | Found a faded altar of an unknown god.
  1311 | D:1      | Learned a level 3 spell: Vampiric Draining
  1547 | D:1      | Upgraded the game from 0.29.1-13-g9f3cf754e1 to
                  | 0.29.1-14-g9c671dbff4
  1807 | D:2      | Identified the +5 short sword of Turmoil {pain, rC+}
  2056 | D:2      | Noticed Jessica
  2060 | D:2      | Killed Jessica
  2061 | D:2      | Reached XP level 4. HP: 24/24 MP: 6/12
  2066 | D:2      | Learned a level 4 spell: Animate Dead
  2353 | D:2      | Upgraded the game from 0.29.1-14-g9c671dbff4 to
                  | 0.29.1-15-g9cfb28693d
  2614 | D:2      | Reached skill level 5 in Spellcasting
  2997 | D:3      | Reached XP level 5. HP: 28/28 MP: 12/14
  4096 | D:3      | Reached skill level 1 in Hexes
  4096 | D:3      | Reached XP level 6. HP: 11/32 MP: 6/17
  6600 | D:5      | Entered Level 5 of the Dungeon
  6662 | D:5      | Reached XP level 7. HP: 26/36 MP: 19/19
  7936 | D:5      | Found a sacrificial altar of Ru.
  7939 | D:5      | Found a bloodstained altar of Trog.
  7939 | D:5      | Found a shadowy altar of Dithmenos.
  7939 | D:5      | Found a glowing golden altar of the Shining One.
  7943 | D:5      | Reached skill level 1 in Axes
  8893 | D:6      | Noticed a steam dragon
  8899 | D:6      | HP: 1/55 [poisoned by a water moccasin]
  8900 | D:6      | Succumbed to a water moccasin's poison

Illustrated notes

Levels and vault maps discovered:
D:1:      dpeg_arrival_arbitrary_b, layout_rooms,
          shapermc_ecumenical_altar_mp_ritualfount, minmay_crystal_room,
          grunt_decor_one_mirror, hangedman_abyss_or_decor_lesser_grid
D:2:      layout_loops_corners, corexii_item_surrounded_by_moat,
          serial_bayou_pond_d, uniq_jessica
D:3:      cheibrodos_thug_alley, layout_loops_corners, minmay_liquid_box,
          minmay_misc_feat_cross, nicolae_grassy_gnolls
D:4:      layout_loops_corners, minmay_starry_boxes
D:5:      layout_basic, grunt_temple_overflow_open
D:6:      layout_cave_pods, nrook_campfire, uniq_prince_ribbit1

Skill      XL: |  1  2  3  4  5  6  7 |
---------------+----------------------+-----
Necromancy     | 5 6 7 |  7.8
Spellcasting   | 4 5 6 7 |  7.9
Stealth        | 3 |  3.3
Hexes          | 1 2 3 |  3.8
Dodging        | 3 |  3.0
Axes           | 1 |  1.2
Fighting       | |  0.4

Action                   |  1- 3 |  4- 6 |  7- 9 || total
-------------------------+-------+-------+-------++-------
Melee: Unarmed           |     3 |       |       ||     3
       Battleaxe         |       |     6 |    13 ||    19
       Dagger            |       |     2 |       ||     2
 Cast: Necrotise         |    71 |   114 |    25 ||   210
       Slow              |     5 |     6 |     6 ||    17
       Vampiric Draining |       |     4 |    11 ||    15
  Use: Potion            |     1 |     1 |     2 ||     4
       Scroll            |     1 |    13 |     2 ||    16
Armor: Robe              |     7 |     3 |     5 ||    15
Dodge: Dodged            |    15 |    23 |    15 ||    53
